 Dungeon Crawl Stone Soup version 0.18.1-48-g4cf74bf (webtiles) character file.

580 Alarkh the Slasher (level 7, -2/50 HPs)
             Began as a Mummy Skald on Sept 11, 2016.
             Slain by a gnoll
             ... wielding a +0 flail of holy wrath
              (5 damage)
             ... on level 4 of the Dungeon.
             The game lasted 00:07:31 (4995 turns).

Alarkh the Slasher (Mummy Skald)                    Turns: 4995, Time: 00:07:33

Health: -2/50      AC:  4    Str: 16    XL:     7   Next: 13%
Magic:  3/10       EV: 11    Int: 13    God:
Gold:   222        SH:  0    Dex: 11    Spells: 3 memorised, 4 levels left

rFire  x . .     SeeInvis +     a - +0 falchion
rCold  + . .     Gourm    .     l - +0 leather armour (curse)
rNeg   + + +     Faith    .     (no shield)
rPois  ∞         Spirit   .     m - +0 helmet
rElec  .         Dismiss  .     (no cloak)
rCorr  .         Reflect  .     (no gloves)
SustAt .         Harm     .     (no boots)
MR     .....                    (no amulet)
Stlth  +.........               i - ring of see invisible
                                o - ring of wizardry

@: very slightly contaminated, not resistant to hostile enchantments, very
unstealthy
A: no food or potions, fire vulnerability, cold resistance 1, negative energy
resistance 3, torment resistance, unbreathing
a: no special abilities


You were on level 4 of the Dungeon.
You were not hungry.

You visited 1 branch of the dungeon, and saw 4 of its levels.

You collected 222 gold pieces.

Inventory:

Hand Weapons
 a - a +0 falchion (weapon)
 d - a +1 dagger of electrocution
Armour
 b - a +0 leather armour
 l - a cursed +0 leather armour (worn)
 m - a +0 helmet (worn)
Jewellery
 h - a +4 ring of strength
 i - a ring of see invisible (right hand)
 k - an uncursed ring of fire
 o - a ring of wizardry (left hand)
 s - an uncursed amulet of rage
Scrolls
 e - 7 scrolls of identify
 f - 3 scrolls of enchant weapon
 g - 2 scrolls of amnesia
 j - a scroll of teleportation
 n - a scroll of blinking
 p - 4 scrolls of remove curse
 q - a scroll of recharging
Books
 c - a book of Battle

   Spells                             Type                      Level
   a - Infusion                       Charms                       1
   b - Shroud of Golubria             Charms/Translocation         2
   c - Song of Slaying                Charms                       2
   d - Spectral Weapon                Hexes/Charms                 3
   e - Regeneration                   Charms/Necromancy            3
 r - a book of Unlife

   Spells                             Type                      Level
   a - Recall                         Summoning/Translocation      3
   b - Animate Dead                   Necromancy                   4
   c - Control Undead                 Necromancy                   4
   d - Cigotuvi's Embrace             Necromancy                   5
   e - Death Channel                  Necromancy                   6
   f - Simulacrum                     Ice/Necromancy               6


   Skills:
 - Level 2.0 Fighting
 + Level 6.6 Long Blades
 - Level 0.7 Armour
 - Level 0.7 Dodging
 - Level 2.0 Spellcasting
 - Level 2.4 Charms


You had 4 spell levels left.
You knew the following spells:

 Your Spells              Type           Power        Failure   Level  Hunger
a - Infusion              Chrm           #...         6%          1    N/A
b - Shroud of Golubria    Chrm/Tloc      #.........   12%         2    N/A
c - Spectral Weapon       Hex/Chrm       #.......     32%         3    N/A

Dungeon Overview and Level Annotations

Branches:
Dungeon (4/15)
 Temple: D:4-7

Altars:
Ashenzari
Dithmenos
Makhleb
Nemelex Xobeh
Pakellas
Ru

Annotations:
D:4 Edmund


Innate Abilities, Weirdness & Mutations

You do not eat or drink.
Your flesh is vulnerable to fire.
You are immune to poison.
Your flesh is cold resistant.
You are immune to negative energy.
You are immune to unholy pain and torment.
You can survive without breathing.


Message History

Casting: Spectral Weapon
Confirm with . or Enter, or press ? or * to list all spells.
You draw out your weapon's spirit!
The quokka bites you.
You closely miss the quokka. The quokka bites you.
* * * LOW HITPOINT WARNING * * *
The giant cockroach waves its antennae.
The quokka closely misses you.
Your spectral weapon hits the quokka.
You kill the quokka!
You hit the gnoll but do no damage.
Your spectral weapon hits the gnoll.
The gnoll hits you with a flail of holy wrath.
* * * LOW HITPOINT WARNING * * *
You convulse.
* * * LOW HITPOINT WARNING * * *
You closely miss the gnoll.
The gnoll is moderately wounded.
Your spectral weapon hits the gnoll!
The gnoll hits you with a flail of holy wrath.
* * * LOW HITPOINT WARNING * * *
You convulse.
You die...

#.#.# #.#.#
#.#.# #.#.#
#...# #######
..... .....##
##.####.....#
.....sg(....#
#@....# ##....#
####.#####.#.#
...[.......#.##
#.#########...#
..# #.# #...#
#.# #.# #...#
#.# #.# ##.##
!##.# #†# #.#


You could see a gnoll, a giant cockroach and a friendly spectral falchion.

Vanquished Creatures
  An ogre (D:4)
  A centaur (D:3)
  A crimson imp (D:2)
  2 hounds (D:2)
  2 worker ants
  Robin (D:3)
  3 gnolls
  11 adders
  3 worms (D:2)
  2 dart slugs
  3 giant geckos
  8 orcs (D:3)
  8 giant cockroaches
  12 goblins
  15 hobgoblins
  8 jackals
  5 quokkas
  A ball python (D:3)
  2 bats
  7 giant newts
  6 kobolds
  2 quokka skeletons (D:4)
  5 rats
109 creatures vanquished.

Notes
Turn   | Place    | Note
--------------------------------------------------------------
     0 | D:1      | Alarkh the Mummy Skald began the quest for the Orb.
     0 | D:1      | Reached XP level 1. HP: 16/16 MP: 3/3
    49 | D:1      | Reached skill level 2 in Long Blades
   330 | D:1      | Reached XP level 2. HP: 17/22 MP: 5/5
   910 | D:2      | Reached XP level 3. HP: 21/27 MP: 1/6
   914 | D:2      | Learned a level 2 spell: Shroud of Golubria
   918 | D:2      | Learned a level 3 spell: Spectral Weapon
   966 | D:2      | Reached skill level 3 in Long Blades
  1353 | D:2      | Reached XP level 4. HP: 22/33 MP: 2/7
  1524 | D:2      | Found a burning altar of Makhleb.
  1784 | D:2      | Reached skill level 4 in Long Blades
  2439 | D:3      | Reached XP level 5. HP: 38/38 MP: 6/8
  2957 | D:2      | Reached skill level 5 in Long Blades
  3010 | D:3      | Found a sacrificial altar of Ru.
  3096 | D:3      | Found a shattered altar of Ashenzari.
  3150 | D:3      | Noticed Robin
  3318 | D:2      | Reached XP level 6. HP: 38/44 MP: 3/9
  3394 | D:3      | Killed Robin
  3927 | D:3      | Found a shadowy altar of Dithmenos.
  3927 | D:3      | Found a sparkling altar of Nemelex Xobeh.
  4117 | D:4      | Found an oddly glowing altar of Pakellas.
  4292 | D:4      | Reached skill level 6 in Long Blades
  4487 | D:4      | Noticed Edmund
  4779 | D:4      | Reached XP level 7. HP: 45/50 MP: 0/10
  4995 | D:4      | Slain by a gnoll

Skill      XL: |  1  2  3  4  5  6 |
---------------+-------------------+-----
Long Blades    | 2 3 4 5 6 |  6.6
Fighting       | |  2.0
Armour         | |  0.7
Dodging        | |  0.7
Spellcasting   | |  2.0
Charms         | |  2.4

Action                   |  1- 3 |  4- 6 |  7- 9 || total
-------------------------+-------+-------+-------++-------
Melee: Dagger            |    29 |       |       ||    29
       Falchion          |   108 |   236 |    25 ||   369
 Cast: Infusion          |    12 |    39 |     3 ||    54
       Shroud of Golubri |       |     4 |       ||     4
       Spectral Weapon   |       |     3 |     2 ||     5
  Use: Scroll            |     2 |     4 |       ||     6
Armor: Leather armour    |    41 |    47 |     3 ||    91
Dodge: Dodged            |    95 |   152 |    14 ||   261
